 Dungeon Crawl Stone Soup version 0.26.1-11-gd32895ea62 (webtiles) character file.

Game seed: 7172251896429358859

51 Zeld the Sneak (level 4, -3/37 HPs)
             Began as a Human Delver on June 9, 2021.
             Was an Initiate of Nemelex Xobeh.
             Slain by Sigmund
             ... wielding a +4 scythe of flaming
              (10 damage)
             ... on level 3 of the Dungeon.
             The game lasted 00:01:42 (1008 turns).

Zeld the Sneak (Human Delver)                       Turns: 1008, Time: 00:01:42

Health: -3/37      AC:  6    Str: 13    XL:     4   Next: 7%
Magic:  4/4        EV: 12    Int: 11    God:    Nemelex Xobeh [......]
Gold:   25         SH:  0    Dex: 14    Spells: 3/3 levels left

rFire    . . .     SeeInvis .     - Unarmed
rCold    . . .     Faith    .   (no shield)
rNeg     . . .     Spirit   .   a - +0 leather armour
rPois    .         Reflect  .   (no helmet)
rElec    .         Harm     .   (no cloak)
rCorr    .         Rampage  .   (no gloves)
Will     .....                  g - +2 pair of boots
Stlth    +++.......             (no amulet)
HPRegen  0.12/turn              (no ring)
MPRegen  0.09/turn              (no ring)

@: no status effects
A: no striking features
a: Renounce Religion, Draw Escape, Draw Destruction, Draw Summoning


You were on level 3 of the Dungeon.
You worshipped Nemelex Xobeh.
Nemelex Xobeh was noncommittal.
You visited 1 branch of the dungeon, and saw 5 of its levels.

You collected 25 gold pieces.

Inventory:

Armour
 a - a +0 leather armour (worn)
 g - a +2 pair of boots (worn)
Wands
 f - a wand of digging (3)
 i - a wand of disintegration (12)
Scrolls
 b - a scroll of fog
 c - a scroll of magic mapping
 d - a scroll of fear
 j - a scroll of identify {unknown}
Potions
 e - a potion of haste
 h - a potion of attraction {unknown}


   Skills:
 * Level 3.7 Fighting
 + Level 2.5 Dodging
 - Level 5.0 Stealth
 - Level 2.0 Unarmed Combat
 * Level 1.9 Evocations


You had 3 spell levels left.
You didn't know any spells.
Your spell library contained the following spells:

 Spells                   Type           Power        Failure   Level
 Corona                   Hex            0%           41%         1
 Ensorcelled Hibernation  Hex/Ice        0%           56%         2
 Confusing Touch          Hex            0%           80%         3
 Dazzling Flash           Conj/Hex       0%           80%         3
 Tukima's Dance           Hex            0%           80%         3


Dungeon Overview and Level Annotations

Branches:
Dungeon (6/15)
 Temple: D:4-7

Altars:
Nemelex Xobeh
Vehumet
Xom
Zin

Annotations:
D:3 Sigmund


Message History

The orc priest shouts!
Sigmund barely misses you. The rat barely misses you.
The orc hits you but does no damage.
The orc priest shouts!
You hit the rat.
The rat is heavily wounded.
You feel less confused.
Sigmund hits you from afar with a +4 scythe of flaming!
Sigmund burns you. The rat closely misses you. The orc barely misses you.
The kobold hits you but does no damage.
Sigmund hits you from afar with a +4 scythe of flaming.
* * * LOW HITPOINT WARNING * * *
Sigmund burns you.
* * * LOW HITPOINT WARNING * * *
The kobold throws a stone.
The stone barely misses you. The orc barely misses you.
You see here a stone.
Sigmund hits you from afar with a +4 scythe of flaming!
You die...
Your body disappears without a glow.

#......#..............
#.#...................
#.#.........o.........
##.#...[....o..........
#..#....#....K.........
#<...##รท#....K.......$(
#.......##.....@.......
##.....#####..Kro#......
##...#(.###
####@#####...
#.......).### #.# ###...
#......##...####.##...
#......#......##....#
#.....(#......###...#
#......#......##..#
#......#......)..##
#......#......####
#......#..>...#


You could see Sigmund (fast), 2 orc priests, an orc, 3 kobolds and a rat.

Vanquished Creatures
  An iguana (D:4)
  An adder (D:3)
  A leopard gecko (D:3)
  2 orcs (D:3)
  A giant cockroach (D:3)
  3 goblins (D:3)
  A hobgoblin (D:3)
  A ball python (D:3)
  2 bats (D:3)
  A frilled lizard (D:3)
  A rat (D:3)
15 creatures vanquished.

Notes
Turn   | Place    | Note
-------+----------+-------------------------------------------
     0 | D:5      | Zeld the Human Delver began the quest for the Orb.
     0 | D:5      | Reached XP level 1. HP: 18/18 MP: 1/1
    60 | D:5      | Noticed an ogre
   137 | D:6      | Noticed a wyvern zombie
   186 | D:4      | Noticed an iguana
   188 | D:4      | Noticed an orc wizard
   209 | D:4      | Noticed an ogre
   217 | D:4      | Killed an iguana
   218 | D:4      | Reached skill level 1 in Evocations
   218 | D:4      | Reached XP level 2. HP: 24/24 MP: 2/2
   218 | D:4      | Reached XP level 3. HP: 29/29 MP: 3/3
   358 | D:2      | Found a shimmering altar of Xom.
   358 | D:2      | Found a glowing silver altar of Zin.
   358 | D:2      | Found a sparkling altar of Nemelex Xobeh.
   358 | D:2      | Found a radiant altar of Vehumet.
   680 | D:2      | Became a worshipper of Nemelex Xobeh the Trickster
   728 | D:3      | Noticed Sigmund
   751 | D:3      | Reached XP level 4. HP: 27/37 MP: 4/4
  1008 | D:3      | Slain by Sigmund

Illustrated notes

Levels and vault maps discovered:
D:2:      layout_loops_ring, nicolae_overflow_hidden_temple
D:3:      layout_rooms, uniq_grinder, uniq_sigmund
D:4:      layout_rooms, serial_shops, shop
D:5:      layout_basic, nicolae_overflow_crystal_walls
D:6:      gammafunk_wand_slinger, layout_rooms, serial_shops,
          nicolae_shop_behind_doors, small_statue_alley_b

Skill      XL: |  1 |
---------------+----+-----
Evocations     | 1 |  1.9
Fighting       | |  3.7
Dodging        | |  2.5
Stealth        | |  5.0
Unarmed Combat | |  2.0

Action                   |  1- 3 |  4- 6 || total
-------------------------+-------+-------++-------
Melee: Unarmed           |    72 |    11 ||    83
       Punch             |     2 |       ||     2
Evoke: Wand              |     2 |       ||     2
Armor: Leather armour    |    26 |     7 ||    33
Dodge: Dodged            |    72 |    16 ||    88
